TOP OF THE 1ST |
Hialeah Dodos batting - Pitching for Corpus Christi Twins : LHP Kyle Lockhart
|
Pitching: LHP Kyle Lockhart
|
|
Batting: RHB Herman Cook
|
0-0: Ball 1-0: Ground out 5-3 (Groundball, 56)
|
Batting: RHB Peter Baker
|
0-0: Ball 1-0: Called Strike 1-1: Swinging Strike 1-2: Foul Ball, location: 2F 1-2: Foul Ball, location: 2F 1-2: Foul Ball, location: 2F 1-2: Foul Ball, location: 2F 1-2: Foul Ball, location: 2F 1-2: Ball 2-2: Strikes out swinging
|
Batting: LHB Bill Griffin
|
0-0: Foul Ball, location: 2F 0-1: Ball 1-1: SINGLE (Line Drive, 7S)
|
Batting: RHB Kelly Flint
|
0-0: Ball 1-0: 2-RUN HOME RUN (Flyball, 7D), Distance : 392 ft
|
Batting: RHB Mitch Jensen
|
0-0: Foul Ball, location: 2F 0-1: Ball 1-1: Ball 2-1: Ball 3-1: Called Strike 3-2: Strikes out swinging, 2-3 out at first.
|
Top of the 1st over - 2 run(s), 2 hit(s), 0 error(s), 0 left on base; Hialeah 2 - Corpus Christi 0 |
BOTTOM OF THE 1ST |
Corpus Christi Twins batting - Pitching for Hialeah Dodos : LHP Jim Unknown
|
Pitching: LHP Jim Unknown
|
|
Batting: LHB Arnold Cook
|
0-0: Ball 1-0: Called Strike 1-1: Swinging Strike 1-2: Ball 2-2: Strikes out swinging
|
Batting: RHB Martín González
|
0-0: Ball 1-0: Called Strike 1-1: Foul Ball, location: 2F 1-2: Ball 2-2: Fly out, F4 (Popup, 4D)
|
Batting: RHB Andrew Floyd
|
0-0: Ball 1-0: Ground out 5-3 (Groundball, 5)
|
Bottom of the 1st over - 0 run(s), 0 hit(s), 0 error(s), 0 left on base; Hialeah 2 - Corpus Christi 0 |
TOP OF THE 2ND |
Hialeah Dodos batting - Pitching for Corpus Christi Twins : LHP Kyle Lockhart
|
Batting: RHB Brian King
|
0-0: Ball 1-0: DOUBLE (Flyball, 78M)
|
Batting: RHB Ji-chol Yang
|
0-0: Called Strike 0-1: Ball 1-1: Swinging Strike 1-2: Ball 2-2: SINGLE (Line Drive, 8LS) Brian King to third
|
Batting: RHB Reece White
|
0-0: Called Strike 0-1: Swinging Strike 0-2: Foul Ball, location: 2F 0-2: Ball 1-2: Ball 2-2: Fly out, F8 (Flyball, 8LS)
|
Batting: RHB Luis Trujillo
|
0-0: Ball 1-0: Foul Ball, location: 2F 1-1: Ball 2-1: Called Strike 2-2: Strikes out looking
|
Batting: RHB Herman Cook
|
0-0: Called Strike 0-1: Ball 1-1: Called Strike 1-2: Ball 2-2: Strikes out swinging
|
Top of the 2nd over - 0 run(s), 2 hit(s), 0 error(s), 2 left on base; Hialeah 2 - Corpus Christi 0 |
BOTTOM OF THE 2ND |
Corpus Christi Twins batting - Pitching for Hialeah Dodos : LHP Jim Unknown
|
Batting: RHB Bill McCarty
|
0-0: Called Strike 0-1: Ball 1-1: Foul Ball, location: 2F 1-2: Ground out 4-3 (Groundball, 4)
|
Batting: LHB John Brewer
|
0-0: Ball 1-0: DOUBLE (Line Drive, 9LD)
|
Batting: LHB Juan Durán
|
0-0: Ball 1-0: Ball 2-0: Swinging Strike 2-1: Ball 3-1: Base on Balls
|
Batting: RHB Otso Tuulari
|
0-0: Ball 1-0: Grounds into double play, 5-4-3 (Groundball, 56)
|
Bottom of the 2nd over - 0 run(s), 1 hit(s), 0 error(s), 1 left on base; Hialeah 2 - Corpus Christi 0 |
TOP OF THE 3RD |
Hialeah Dodos batting - Pitching for Corpus Christi Twins : LHP Kyle Lockhart
|
Batting: RHB Peter Baker
|
0-0: Ball 1-0: Ball 2-0: Called Strike 2-1: Ball 3-1: Foul Ball, location: 2F 3-2: Foul Ball, location: 2F 3-2: Fly out, F8 (Flyball, 8RM)
|
Batting: LHB Bill Griffin
|
0-0: Fly out, F4 (Popup, 34)
|
Batting: RHB Kelly Flint
|
0-0: Ball 1-0: Fly out, F7 (Line Drive, 7D)
|
Top of the 3rd over - 0 run(s), 0 hit(s), 0 error(s), 0 left on base; Hialeah 2 - Corpus Christi 0 |
BOTTOM OF THE 3RD |
Corpus Christi Twins batting - Pitching for Hialeah Dodos : LHP Jim Unknown
|
Batting: RHB Chad Graham
|
0-0: Called Strike 0-1: Ball 1-1: DOUBLE (Line Drive, 89M)
|
Batting: RHB Vincent Parker
|
0-0: Called Strike 0-1: Fly out, F8 (Line Drive, 78M) 0-1: Lined into DP, 8-4 (Line Drive, 78M)
|
Batting: LHB Arnold Cook
|
0-0: Called Strike 0-1: Ball 1-1: SINGLE (Groundball, 34D)
|
Batting: RHB Martín González
|
0-0: Ball Arnold Cook steals 2nd base 1-0: Fly out, F6 (Line Drive, 6)
|
Bottom of the 3rd over - 0 run(s), 2 hit(s), 0 error(s), 1 left on base; Hialeah 2 - Corpus Christi 0 |
TOP OF THE 4TH |
Hialeah Dodos batting - Pitching for Corpus Christi Twins : LHP Kyle Lockhart
|
Batting: RHB Mitch Jensen
|
0-0: Ball 1-0: Ball 2-0: Called Strike 2-1: Ball 3-1: Fly out, F8 (Flyball, 89D)
|
Batting: RHB Brian King
|
0-0: Ball 1-0: Ball 2-0: Ball 3-0: Base on Balls
|
Batting: RHB Ji-chol Yang
|
0-0: Called Strike 0-1: Fly out, F8 (Flyball, 8RXD)
|
Batting: RHB Reece White
|
0-0: Called Strike 0-1: Ball 1-1: Ball 2-1: Ball 3-1: Foul Ball, location: 2F 3-2: Foul Ball, location: 2F 3-2: Base on Balls Brian King to second
|
Batting: RHB Luis Trujillo
|
0-0: Called Strike 0-1: Foul Ball, location: 2F 0-2: Ball 1-2: Strikes out looking
|
Top of the 4th over - 0 run(s), 0 hit(s), 0 error(s), 2 left on base; Hialeah 2 - Corpus Christi 0 |
BOTTOM OF THE 4TH |
Corpus Christi Twins batting - Pitching for Hialeah Dodos : LHP Jim Unknown
|
Batting: RHB Andrew Floyd
|
0-0: DOUBLE (Groundball, 5L)
|
Batting: RHB Bill McCarty
|
0-0: Called Strike 0-1: Foul Ball, location: 2F 0-2: Ball 1-2: Foul Ball, location: 2F 1-2: SINGLE (Line Drive, 6MD) Andrew Floyd to third Runner from 3rd tries for Home, SAFE, no throw or cutoff
|
Batting: LHB John Brewer
|
0-0: Foul Ball, location: 2F 0-1: Ball 1-1: Ball 2-1: Called Strike 2-2: DOUBLE (Line Drive, 34) Bill McCarty to third
|
Batting: LHB Juan Durán
|
0-0: Ball 1-0: Called Strike 1-1: Foul Ball, location: 2F 1-2: Foul Ball, location: 2F 1-2: Foul Ball, location: 2F 1-2: SINGLE (Line Drive, 8LS) Bill McCarty scores John Brewer to third
|
Batting: RHB Otso Tuulari
|
0-0: Ball 1-0: Called Strike Juan Durán steals 2nd base 1-1: Ball 2-1: SINGLE (Groundball, 4M) John Brewer scores Juan Durán to third Runner from 3rd tries for Home, SAFE, no throw or cutoff
|
Batting: RHB Chad Graham
|
0-0: Ball 1-0: SINGLE (Groundball, 6MD) Otso Tuulari to second Runner from 2nd tries for 3rd, SAFE, throw made to third
|
Batting: RHB Vincent Parker
|
0-0: Ball 1-0: Ball 2-0: Grounds into double play, 6-4-3 (Groundball, 6) Otso Tuulari scores
|
Pitching: RHP Mike Lane
|
|
Batting: LHB Arnold Cook
|
0-0: Ball 1-0: Fly out, F6 (Popup, 6M)
|
Bottom of the 4th over - 5 run(s), 6 hit(s), 0 error(s), 0 left on base; Hialeah 2 - Corpus Christi 5 |
TOP OF THE 5TH |
Hialeah Dodos batting - Pitching for Corpus Christi Twins : LHP Kyle Lockhart
|
Batting: RHB Herman Cook
|
0-0: Swinging Strike 0-1: SINGLE (Groundball, 6MD)
|
Batting: RHB Peter Baker
|
0-0: Ball 1-0: Foul Ball, location: 2F 1-1: Ball 2-1: Ball 3-1: Fly out, F3 (Popup, 3SF)
|
Batting: LHB Bill Griffin
|
0-0: Ball 1-0: Ball 2-0: Ball 3-0: Called Strike 3-1: Called Strike 3-2: Fly out, F7 (Flyball, 78M) 3-2: Fly out, F7 (Flyball, 78M)
|
Batting: RHB Kelly Flint
|
0-0: Ground out 5-3 (Groundball, 5S)
|
Top of the 5th over - 0 run(s), 1 hit(s), 0 error(s), 1 left on base; Hialeah 2 - Corpus Christi 5 |
BOTTOM OF THE 5TH |
Corpus Christi Twins batting - Pitching for Hialeah Dodos : RHP Mike Lane
|
Batting: RHB Martín González
|
0-0: Ball 1-0: Called Strike 1-1: Bunt missed! 1-2: Ball 2-2: Ground out 5-3 (Groundball, 56)
|
Batting: RHB Andrew Floyd
|
0-0: Ball 1-0: Swinging Strike 1-1: SINGLE (Groundball, 6MD) (infield hit)
|
Batting: RHB Bill McCarty
|
0-0: Grounds into double play, 6-4-3 (Groundball, 6M)
|
Bottom of the 5th over - 0 run(s), 1 hit(s), 0 error(s), 0 left on base; Hialeah 2 - Corpus Christi 5 |
TOP OF THE 6TH |
Hialeah Dodos batting - Pitching for Corpus Christi Twins : LHP Kyle Lockhart
|
Batting: RHB Mitch Jensen
|
0-0: Foul Ball, location: 2F 0-1: Swinging Strike 0-2: Ball 1-2: Ball 2-2: Fly out, F7 (Flyball, 7D)
|
Batting: RHB Brian King
|
0-0: Called Strike 0-1: SINGLE (Flyball, 8LS)
|
Batting: RHB Ji-chol Yang
|
0-0: Ball 1-0: Called Strike Throwing error on steal attempt, E2 Brian King to third 1-1: SINGLE (Line Drive, 6) Brian King scores
|
Batting: RHB Reece White
|
0-0: Ball 1-0: Ball 2-0: Grounds into double play, 6-4-3 (Groundball, 56)
|
Top of the 6th over - 1 run(s), 2 hit(s), 1 error(s), 0 left on base; Hialeah 3 - Corpus Christi 5 |
BOTTOM OF THE 6TH |
Corpus Christi Twins batting - Pitching for Hialeah Dodos : RHP Mike Lane
|
Batting: LHB John Brewer
|
0-0: Called Strike 0-1: Foul Ball, location: 2F 0-2: Ball 1-2: Ball 2-2: Fly out, F8 (Line Drive, 8RD)
|
Batting: LHB Juan Durán
|
0-0: Ball 1-0: Ball 2-0: Ball 3-0: Base on Balls
|
Batting: RHB Otso Tuulari
|
0-0: Swinging Strike 0-1: Ball 1-1: Swinging Strike 1-2: Foul Ball, location: 2F 1-2: Ball 2-2: Strikes out swinging
|
Batting: RHB Chad Graham
|
0-0: Ball Juan Durán is caught stealing 2nd base
|
Bottom of the 6th over - 0 run(s), 0 hit(s), 0 error(s), 0 left on base; Hialeah 3 - Corpus Christi 5 |
TOP OF THE 7TH |
Hialeah Dodos batting - Pitching for Corpus Christi Twins : LHP Kyle Lockhart
|
Batting: RHB Luis Trujillo
|
0-0: Ball 1-0: Ball 2-0: Foul Ball, location: 2F 2-1: Ball 3-1: Fly out, F9 (Flyball, 9LMF)
|
Batting: RHB Herman Cook
|
0-0: Foul Ball, location: 2F 0-1: Ball 1-1: SINGLE (Line Drive, 6M)
|
Batting: RHB Peter Baker
|
0-0: Called Strike 0-1: Ball 1-1: Swinging Strike 1-2: Strikes out swinging
|
Pitching: RHP Jason Mosley
|
|
Batting: LHB Bill Griffin
|
0-0: Ball Pickoff Throw to First - Error! E1 Herman Cook to second 1-0: Swinging Strike 1-1: Called Strike 1-2: SINGLE (Line Drive, 6) Herman Cook to third Runner from 3rd tries for Home, throw and OUT!
|
Top of the 7th over - 0 run(s), 2 hit(s), 1 error(s), 1 left on base; Hialeah 3 - Corpus Christi 5 |
BOTTOM OF THE 7TH |
Corpus Christi Twins batting - Pitching for Hialeah Dodos : RHP Mike Lane
|
Pitching: RHP Ademar Sant' Ana
|
|
Batting: RHB Chad Graham
|
0-0: Ball 1-0: Ball 2-0: Called Strike 2-1: Ground out 1-3 (Groundball, 13S)
|
Batting: RHB Vincent Parker
|
0-0: SINGLE (Groundball, 3D)
|
Pitching: LHP Ben Flowers
|
|
Batting: LHB Arnold Cook
|
0-0: Foul Ball, location: 2F 0-1: Ball 1-1: Called Strike 1-2: Foul Ball, location: 2F 1-2: Fly out, F7 (Line Drive, 7S)
|
Pitching: RHP Kevin Fields
|
|
Batting: RHB Martín González
|
0-0: Fly out, F3 (Popup, 3L)
|
Bottom of the 7th over - 0 run(s), 1 hit(s), 0 error(s), 1 left on base; Hialeah 3 - Corpus Christi 5 |
TOP OF THE 8TH |
Hialeah Dodos batting - Pitching for Corpus Christi Twins : RHP Jason Mosley
|
Batting: RHB Kelly Flint
|
0-0: Called Strike 0-1: Swinging Strike 0-2: Strikes out looking
|
Batting: RHB Mitch Jensen
|
0-0: Called Strike 0-1: Ball 1-1: Ball 2-1: Foul Ball, location: 2F 2-2: Ball 3-2: Fly out, F3 (Popup, 3SF)
|
Batting: RHB Brian King
|
0-0: Swinging Strike 0-1: Called Strike 0-2: Ball 1-2: Ball 2-2: Foul Ball, location: 2F 2-2: Strikes out swinging
|
Top of the 8th over - 0 run(s), 0 hit(s), 0 error(s), 0 left on base; Hialeah 3 - Corpus Christi 5 |
BOTTOM OF THE 8TH |
Corpus Christi Twins batting - Pitching for Hialeah Dodos : RHP Kevin Fields
|
Batting: RHB Andrew Floyd
|
0-0: Ball 1-0: Ball 2-0: Ball 3-0: Called Strike 3-1: Swinging Strike 3-2: Foul Ball, location: 2F 3-2: SINGLE (Groundball, 56D)
|
Batting: RHB Bill McCarty
|
0-0: Ball 1-0: Ground out 3-1 (Groundball, 34S) Andrew Floyd to second
|
Batting: LHB John Brewer
|
0-0: Foul Ball, location: 2F 0-1: Called Strike 0-2: Ball 1-2: Fly out, F8 (Flyball, 89M) Runner from 2nd tags up, OUT at 3rd
|
Bottom of the 8th over - 0 run(s), 1 hit(s), 0 error(s), 0 left on base; Hialeah 3 - Corpus Christi 5 |
TOP OF THE 9TH |
Hialeah Dodos batting - Pitching for Corpus Christi Twins : RHP Jason Mosley
|
Pitching: RHP Reynaldo Díaz
|
|
Batting: RHB Ji-chol Yang
|
0-0: Ground out 4-3 (Groundball, 4)
|
Batting: RHB Reece White
|
0-0: Ball 1-0: Called Strike 1-1: Ground out 5-3 (Groundball, 5)
|
Batting: RHB Luis Trujillo
|
0-0: Ball 1-0: Called Strike 1-1: Ball 2-1: Fly out, F7 (Flyball, 7M)
|
Top of the 9th over - 0 run(s), 0 hit(s), 0 error(s), 0 left on base; Hialeah 3 - Corpus Christi 5 |
|